 Dungeon Crawl Stone Soup version 0.30-a0-737-gf23d94013f (webtiles) character file.

Game seed: 12596203183392079459

18248 ragingrage the Soothsayer (level 12, -3/85 (86) HPs)
             Began as a Demonspawn Reaver on Feb 1, 2023.
             Was a Priest of Nemelex Xobeh.
             Slain by a death yak (20 damage)
             ... led by a torpor snail
             ... on level 1 of the Lair of Beasts.
             The game lasted 00:35:34 (15768 turns).

ragingrage the Soothsayer (Demonspawn Reaver)      Turns: 15768, Time: 00:35:35

HP:   -3/85 (86)    AC:  9    Str: 16    XL:     12   Next: 26%
MP:   12/21         EV: 13    Int: 16    God:    Nemelex Xobeh [***...]
Gold: 1280          SH:  0    Dex: 15    Spells: 5/15 levels left

rFire   + . .      SeeInvis .    a - +2 dagger (elec)
rCold   . . .      Faith    .    (no shield)
rNeg    + . .      Spirit   .    R - +0 acid dragon scales
rPois   .          Reflect  .    (helmet restricted)
rElec   .          Harm     .    O - +0 cloak
rCorr   +          Rampage  .    K - +1 pair of gloves {Stlth+}
Will    .....                    (no boots)
Stlth   +++++                    b - amulet of magic regeneration
HPRegen 0.34/turn                d - ring "Oluwn" {rF+ Str+3}
MPRegen 0.57/turn                x - ring "Piffag" {rN+ Slay+4}

@: freezing walls, very slightly contaminated, slowed, studying Earth Magic,
lightly drained, very slow
A: antennae 2, hooves 2, foul stench 1, demonic magic 1, weakness stinger 1
a: Renounce Religion, Draw Escape, Draw Destruction, Draw Summoning, Triple Draw


You were on level 1 of the Lair of Beasts.
You worshipped Nemelex Xobeh.
Nemelex Xobeh was most pleased with you.
You visited 2 branches of the dungeon, and saw 13 of its levels.
You also visited: Sewer and Bailey.

You collected 1280 gold pieces.

Inventory:

Hand Weapons
 a - a +2 dagger of electrocution (weapon)
 c - a +0 scimitar
 v - a +0 shortbow
 P - a +7 dagger
 X - a +2 dagger of venom
Missiles
 g - 2 curare-tipped darts
 i - 15 boomerangs (quivered)
 k - 33 poisoned darts
 r - 8 datura-tipped darts
 V - 2 throwing nets
Armour
 I - a +1 robe of fire resistance
 K - a +1 pair of gloves of stealth (worn)
 O - a +0 cloak (worn)
 R - +0 acid dragon scales (worn)
 Y - a +0 troll leather armour
Magical Staves
 W - a staff of earth
Jewellery
 b - an amulet of magic regeneration (around neck)
 d - the ring "Oluwn" (left hand) {rF+ Str+3}
   (You found it on level 2 of the Dungeon)

   [ring of protection from fire]

   Str:       It affects your strength (+3).
   rF:        It protects you from fire.
 e - a ring of ice
 l - a +6 ring of intelligence
 x - the ring "Piffag" (right hand) {rN+ Slay+4}
   (You acquired it on level 8 of the Dungeon)

   [ring of slaying]

   Slay:      It affects your accuracy & damage with ranged weapons and melee
   (+4).
   rN:        It protects you from negative energy.
 D - a ring of protection from fire
 F - a ring of resist corrosion
Wands
 s - a wand of polymorph (11)
 C - a wand of roots (23)
 G - a wand of digging (6)
 L - a wand of flame (23)
 Z - a wand of charming (3)
Scrolls
 j - 4 scrolls of magic mapping
 m - a scroll of immolation {unknown}
 n - 3 scrolls of enchant weapon
 o - 3 scrolls of blinking
 p - 2 scrolls of fog
 t - a scroll of enchant armour {unknown}
 u - 3 scrolls of fear
 w - 2 scrolls of poison
 y - 4 scrolls of teleportation
 J - 2 scrolls of identify
 M - a scroll of amnesia {unknown}
 U - a scroll of silence {unknown}
Potions
 f - 8 potions of curing
 h - 2 potions of might
 q - 3 potions of flight
 z - a potion of resistance
 A - a potion of brilliance
 E - 4 potions of degeneration {unknown}
 H - a potion of mutation
 Q - 2 potions of haste
 S - 2 potions of lignification
 T - a potion of magic {unknown}


   Skills:
 - Level 5.0 Fighting
 - Level 9.7(10.0) Short Blades
 - Level 2.8(6.8) Long Blades
 - Level 4.0 Dodging
 + Level 8.5 Stealth
 - Level 1.0 Unarmed Combat
 - Level 2.0 Spellcasting
 - Level 3.6 Conjurations
 - Level 6.0 Necromancy
 - Level 1.0 Translocations
 - Level 5.0 Ice Magic
 + Level 7.0 Earth Magic
 + Level 12.4 Invocations


You had 5 spell levels left.
You knew the following spells:

 Your Spells              Type           Power      Damage    Failure   Level
a - Frozen Ramparts       Ice            34%        1d6       11%         3
b - Momentum Strike       Conj/Tloc      18%        3d8       16%         2
c - Freeze                Ice            68%        1d8       3%          1
d - Kiss of Death         Conj/Necr      68%        2d10      3%          1
e - Vampiric Draining     Necr           20%        2d7       7%          3

Your spell library contained the following spells:

 Spells                   Type           Power      Damage    Failure   Level
 Shock                    Conj/Air       28%        1d4       13%         1
 Hailstorm                Conj/Ice       15%        3d5       14%         3
 Slow                     Hex            4%         N/A       28%         1
 Lesser Beckoning         Tloc           8%         N/A       28%         2
 Lee's Rapid Deconstruct  Erth           12%        3d8*      38%         5
 Gell's Gravitas          Tloc           4%         N/A       50%         3
 Teleport Other           Tloc           4%         N/A       50%         3
 Petrify                  Tmut/Erth      12%        N/A       54%         4
 Kindle Blastsparks       Fire/Tloc/Air  4%         2d10      58%         3
 Confusing Touch          Hex            1%         N/A       63%         3
 Swiftness                Air            1%         N/A       63%         3
 Iskenderun's Mystic Bla  Conj/Tloc      9%         2d4       71%         4
 Fulminant Prism          Conj/Hex       3%         3d5       78%         4
 Airstrike                Air            0%         2d(1-17)  95%         4
 Metabolic Englaciation   Hex/Ice        4%         N/A       95%         5
 Statue Form              Tmut/Erth      8%         N/A       100%        6


Dungeon Overview and Level Annotations

Branches:
Dungeon (12/15)            Temple (0/1) D:6            Lair (1/5) D:11
    Orc (0/2) D:11          Sewer (visited)          Bailey (visited)

Altars:
Ashenzari
Cheibriados
Dithmenos
Fedhas
Hepliaklqana
Kikubaaqudgha
Nemelex Xobeh
Okawaru
Qazlal
Sif Muna
Uskayaw
Wu Jian
Xom
Yredelemnul

Portals:
Abyss: D:9

Annotations:
D:9 2 transporters, ziggurnaut's ghost, novice NaIE
D:12 1 runed translucent door, Nabski's ghost, journeyman TeFE


Innate Abilities, Weirdness & Mutations

You have a pair of antennae on your head.
You have hoof-like feet.
You may rarely emit foul miasma when damaged in melee.
Spells you cast may paralyse adjacent enemies.
You have a small tail.


Message History

Aiming: Vampiric Draining (dangerous; 7% risk of failure)
Press: ? - help, Shift-Dir - straight line, f - torpor snail
Aim: a torpor snail You draw life force from the torpor snail!
Malevolent energies surge around you.
The death yak bellows!
The torpor snail closely misses you.
Casting: Vampiric Draining (dangerous; 7% risk of failure)
Confirm with . or Enter, or press ? or * to list all spells.
Casting: Frozen Ramparts (dangerous; 11% risk of failure)
Press: ? - help, Dir - look around, f - activate The walls around you are covered in ice.
Malevolent energies surge around you.
The wall freezes the torpor snail.
The torpor snail bites you!
The wall freezes the death yak.
Casting: Frozen Ramparts (dangerous; 11% risk of failure)
Confirm with . or Enter, or press ? or * to list all spells.
Aiming: Vampiric Draining (dangerous; 7% risk of failure)
Press: ? - help, Shift-Dir - straight line, f - torpor snail
Aim: a torpor snail (lightly wounded)
You miscast Vampiric Draining.
You are very lightly contaminated with residual magic.
Strange energies run through your body. You partially resist.
You feel drained.
The wall freezes the death yak but does no damage.
The wall freezes the torpor snail but does no damage.
The torpor snail bites you!!
Casting: Vampiric Draining (dangerous; 7% risk of failure)
Confirm with . or Enter, or press ? or * to list all spells.
Aiming: Vampiric Draining (dangerous; 7% risk of failure)
Press: ? - help, Shift-Dir - straight line, f/p - torpor snail
Aim: a torpor snail (lightly wounded)
You draw life force from the torpor snail!
You feel life coursing into your body. Malevolent energies surge around you.
The wall freezes the death yak.
The death yak gores you!!
The wall freezes the torpor snail but does no damage.
The torpor snail bites you!
* * * LOW HITPOINT WARNING * * *
The wall freezes the death yak but does no damage.
The death yak gores you!!
You die...
Your body glows with a rainbow of weird colours and disappears.

####..#
#........######
##..# #........##
#...# #....>....#
##..# #........##
#..# #........#
#..# ##........#
##..# #.........##
#P..## #.........#
##...###...##.@.##
#..........##wY#
#..........##.)#
#...##.........#
#..###.........#
#..# #.........##
#..###...##.#...#
#..##....####..##
####..###...#
##..#


You could see a death yak and a torpor snail.

Vanquished Creatures
  Frances (D:12)
  2 boulder beetles
  2 two-headed ogres
  A tengu warrior (D:12)
  An orc knight (Bailey)
  A manticore (D:12)
  A cyclops (D:12)
  2 ugly things
  Maurice (D:9)
  A gargoyle (D:10)
  Maggie (D:10)
  A kobold demonologist (D:7)
  An unseen horror zombie (D:9)
  A tengu conjurer (D:12)
  2 trolls
  Prince Ribbit (D:8)
  4 slime creatures (D:12)
  2 wraiths (D:11)
  2 shadows (D:11)
  Grum (D:8)
  A water elemental (D:12)
  15 yaks
  2 vampire mosquitoes (D:12)
  Menkaure (D:6)
  A naga (D:6)
  5 acid dragons
  An ice beast (D:8)
  9 orc warriors
  7 black bears
  6 centaurs
  A hornet zombie (D:9)
  2 wolves (D:8)
  4 ogres
  7 kobold brigands
  3 necrophages (D:9)
  A gnoll sergeant (D:9)
  6 bullfrogs
  2 scorpions
  5 wights
  5 killer bees (D:9)
  4 howler monkeys
  5 electric eels (D:12)
  A human zombie (D:9)
  2 jellies (D:5)
  3 centaur zombies (D:9)
  6 orc priests
  3 iguanas
  Ijyb (D:3)
  13 orc wizards
  Robin (D:3)
  A howler monkey zombie (D:9)
  13 gnolls
  8 adders
  3 river rats
  A white imp (D:5)
  3 worms
  2 dart slugs
  20 orcs
  6 bats
  5 endoplasms
  5 giant cockroaches
  21 goblins
  8 hobgoblins
  9 jackals
  6 quokkas
  6 ball pythons
  3 frilled lizards
  19 kobolds
  13 rats
  2 rat zombies (D:3)
306 creatures vanquished.

Vanquished Creatures (collateral kills)
  An orc warrior (Bailey)
  A kobold brigand (Bailey)
  A wight (D:6)
3 creatures vanquished.

Vanquished Creatures (others)
  A yak (D:11)
  An orc warrior (Bailey)
  2 black bears (D:11)
  A bullfrog (D:11)
  29 fungi (D:11)
  27 plants (D:11)
61 creatures vanquished.

Grand Total: 370 creatures vanquished

Notes
Turn   | Place    | Note
-------+----------+-------------------------------------------
     0 | D:1      | ragingrage the Demonspawn Reaver began the quest for the
                  | Orb.
     0 | D:1      | Reached XP level 1. HP: 16/16 MP: 3/3
   288 | D:1      | You fall into a shaft and drop 1 floor!
   298 | D:2      | Identified the ring "Oluwn" {rF+ Str+3}
   325 | D:2      | Discovered your monstrous ancestry.
   325 | D:2      | Gained mutation: You have a small tail. [demonic ancestry]
   325 | D:2      | Reached XP level 2. HP: 21/22 MP: 5/5
   430 | D:2      | Found a shimmering altar of Xom.
   506 | D:2      | Found a faded altar of an unknown god.
   590 | D:2      | Reached skill level 1 in Stealth
   590 | D:2      | Reached skill level 1 in Necromancy
   844 | D:2      | Reached XP level 3. HP: 27/27 MP: 6/6
  1262 | D:1      | Learned a level 2 spell: Momentum Strike
  1999 | D:3      | Found an iron altar of Okawaru.
  2016 | D:3      | Learned a level 1 spell: Freeze
  2328 | D:3      | Found a broken altar of Ashenzari.
  2379 | D:3      | Gained mutation: You have a pair of small antennae on your
                  | head. [demonic ancestry]
  2379 | D:3      | Reached XP level 4. HP: 31/33 MP: 7/7
  2403 | D:3      | Reached skill level 1 in Translocations
  2578 | D:3      | Noticed Ijyb
  2591 | D:3      | Killed Ijyb
  2592 | D:3      | Reached skill level 1 in Ice Magic
  2833 | D:3      | Found an ancient bone altar of Kikubaaqudgha.
  3092 | D:4      | Found a shimmering altar of Xom.
  3103 | D:4      | Found a shimmering altar of Xom.
  3103 | D:4      | Found a shimmering altar of Xom.
  3151 | D:4      | Found a shimmering altar of Xom.
  3179 | D:3      | Gained mutation: You have a pair of antennae on your head.
                  | [demonic ancestry]
  3179 | D:3      | Reached XP level 5. HP: 33/38 MP: 5/8
  3608 | D:4      | Found a sparkling altar of Nemelex Xobeh.
  3612 | D:4      | Became a worshipper of Nemelex Xobeh the Trickster
  3631 | D:4      | Found a shimmering altar of Xom.
  3631 | D:4      | Found a shimmering altar of Xom.
  3856 | D:4      | Noticed a black bear
  3870 | D:4      | Killed a black bear
  3871 | D:4      | Reached skill level 1 in Unarmed Combat
  3871 | D:4      | Gained mutation: Spells you cast may paralyse adjacent
                  | enemies. [demonic ancestry]
  3871 | D:4      | Reached XP level 6. HP: 22/44 MP: 9/9
  4076 | D:4      | Found a snail-covered altar of Cheibriados.
  4098 | D:4      | Reached skill level 1 in Short Blades
  4323 | D:4      | Noticed Robin
  4351 | D:3      | Killed Robin
  4480 | D:4      | Found a shimmering altar of Xom.
  4574 | D:5      | Entered Level 5 of the Dungeon
  4622 | D:5      | Gained mutation: You have large cloven feet. [demonic
                  | ancestry]
  4622 | D:5      | Reached XP level 7. HP: 50/50 MP: 4/10
  4800 | D:5      | Learned a level 3 spell: Frozen Ramparts
  4984 | D:5      | Learned a level 3 spell: Vampiric Draining
  5021 | D:5      | Found a glowing drain.
  5069 | Sewer    | Entered a sewer
  5575 | D:5      | Reached XP level 8. HP: 51/56 MP: 3/11
  5914 | D:5      | Reached * piety under Nemelex Xobeh
  5934 | D:6      | Noticed Blork the orc
  5962 | D:6      | Received a gift from Nemelex Xobeh
  6063 | D:6      | Found a staircase to the Ecumenical Temple.
  6075 | D:6      | Blork the orc changed into Blork the naga
  6075 | D:6      | Noticed Blork
  6237 | D:6      | Noticed Menkaure
  6284 | D:6      | Killed Menkaure
  6285 | D:6      | Reached skill level 5 in Stealth
  6417 | D:6      | Found an ornate altar of the Wu Jian Council.
  6823 | D:6      | Killed Blork the naga
  6824 | D:6      | Reached skill level 1 in Invocations
  6890 | D:6      | Reached skill level 5 in Short Blades
  6948 | D:6      | Reached skill level 5 in Ice Magic
  6948 | D:6      | Reached skill level 2 in Invocations
  7033 | D:6      | Found a shadowy altar of Dithmenos.
  7220 | D:6      | Reached skill level 3 in Invocations
  7303 | D:6      | Reached skill level 5 in Necromancy
  7303 | D:6      | Gained mutation: You may rarely emit foul miasma when
                  | damaged in melee. [demonic ancestry]
  7303 | D:6      | Reached XP level 9. HP: 25/54 MP: 12/12
  7701 | D:7      | Received a gift from Nemelex Xobeh
  7806 | D:7      | Found a hazy altar of Hepliaklqana.
  7860 | D:7      | Found a stormy altar of Qazlal.
  7877 | D:7      | Noticed a kobold demonologist
  7883 | D:7      | Killed a kobold demonologist
  7884 | D:7      | Reached skill level 4 in Invocations
  7943 | D:7      | Reached skill level 5 in Invocations
  8568 | D:8      | Found a shimmering blue altar of Sif Muna.
  8627 | D:8      | Noticed Prince Ribbit
  8638 | D:8      | Killed Prince Ribbit
  8678 | D:8      | Reached ** piety under Nemelex Xobeh
  8692 | D:8      | Reached skill level 6 in Invocations
  8699 | D:8      | Noticed Grum
  8708 | D:8      | Noticed Psyche
  8716 | D:8      | Killed Grum
  8739 | D:8      | Reached skill level 7 in Invocations
  8842 | D:8      | Psyche changed into Psyche the ogre
  8842 | D:8      | Noticed Psyche
  8849 | D:8      | Killed Psyche the ogre
  8928 | D:8      | Found a flagged portal.
  8949 | Bailey   | Entered a bailey
  9069 | Bailey   | Reached skill level 8 in Invocations
  9260 | Bailey   | Noticed an orc knight
  9309 | Bailey   | Killed an orc knight
  9310 | Bailey   | Gained mutation: You have hoof-like feet. [demonic
                  | ancestry]
  9310 | Bailey   | Reached XP level 10. HP: 29/67 MP: 3/16
  9313 | Bailey   | Reached skill level 9 in Invocations
  9610 | Bailey   | Found a bloodstained altar of Trog.
  9948 | D:8      | Found a hide-covered altar of Uskayaw.
 10090 | D:8      | Identified a scroll of acquirement
 10090 | D:8      | Acquired the ring "Piffag" {rN+ Slay+4}
 10514 | D:9      | Found a transporter.
 10539 | D:9      | Found a blossoming altar of Fedhas.
 10560 | D:9      | Noticed Maurice
 10566 | D:9      | Killed Maurice
 10597 | D:9      | Found a one-way gate to the infinite horrors of the Abyss.
 10597 | D:9      | Noticed ziggurnaut's ghost (novice NaIE)
 10597 | D:9      | Noticed a salamander
 10602 | D:9      | Noticed a toenail golem
 10604 | D:9      | Found a transporter.
 10611 | D:9      | Noticed a toenail golem
 10668 | D:9      | Noticed a white very ugly thing
 10824 | D:9      | Found a basalt altar of Yredelemnul.
 11076 | D:10     | Entered Level 10 of the Dungeon
 11322 | D:10     | Noticed a two-headed ogre
 11337 | D:10     | Killed a two-headed ogre
 11338 | D:10     | Reached XP level 11. HP: 75/75 MP: 8/18
 11591 | D:11     | Received a gift from Nemelex Xobeh
 11700 | D:11     | Noticed a two-headed ogre
 11706 | D:11     | Reached skill level 10 in Invocations
 11711 | D:11     | Killed a two-headed ogre
 11715 | D:11     | Found a staircase to the Lair.
 12252 | D:11     | Noticed a brown ugly thing
 12677 | D:10     | Noticed Maggie
 12691 | D:10     | Killed Maggie
 12692 | D:10     | Reached skill level 1 in Earth Magic
 12809 | D:11     | Killed a brown ugly thing
 13388 | D:11     | Found a staircase to the Orcish Mines.
 13529 | D:12     | Reached skill level 5 in Fighting
 13613 | D:12     | Reached *** piety under Nemelex Xobeh
 14019 | D:12     | Reached skill level 11 in Invocations
 14205 | D:12     | Received a gift from Nemelex Xobeh
 14205 | D:12     | Noticed a tengu warrior
 14213 | D:12     | Killed a tengu warrior
 14266 | D:12     | Noticed Nabski's ghost (journeyman TeFE)
 14320 | D:12     | Noticed a boulder beetle
 14342 | D:11     | Killed a boulder beetle
 14343 | D:11     | Reached skill level 5 in Earth Magic
 14755 | D:12     | Noticed a boulder beetle
 14772 | D:12     | Killed a boulder beetle
 14773 | D:12     | Reached XP level 12. HP: 79/86 MP: 3/20
 14909 | D:12     | Found a runed translucent door.
 14966 | D:12     | Reached skill level 12 in Invocations
 15459 | D:12     | Noticed Frances
 15465 | D:12     | Killed Frances
 15634 | Lair:1   | Entered Level 1 of the Lair of Beasts
 15653 | Lair:1   | Received a gift from Nemelex Xobeh
 15754 | Lair:1   | Noticed a death yak
 15768 | Lair:1   | Slain by a death yak

Illustrated notes

Levels and vault maps discovered:
D:1:      psy_arrival_basics, layout_basic
D:2:      layout_loops_ring, basic_altar,
          shapermc_ecumenical_altar_starsandcircs
D:3:      kennysheep_the_goblin_king, layout_rooms,
          mainiacjoe_overflow_small_starburst, okawaru_ov_weapons_minmay,
          lemuel_zombie_altar_kikubaaqudgha, hangedman_feature_mirror, uniq_ijyb
D:4:      layout_cave_pools, mainiacjoe_overflow_catwalk, kennysheep_little_box,
          nicolae_xom_altar_mimics, nemelex_dance_club_becter, uniq_robin
D:5:      layout_basic, gup_sewer_entry_bubbles, serial_corexii_hall,
          chequers_hall_statues_corner_a, corexii_hall_statues_deadend,
          corexii_hall_statues_x, corexii_hall_statues_deadend,
          corexii_hall_statues_l, corexii_hall_statues_x
D:6:      layout_rooms, kennysheep_mini, mainiacjoe_overflow_swirl,
          minmay_temple_entry_wispy, uniq_blork_the_orc, uniq_menkaure
D:7:      layout_basic, lemuel_tele_altar, mainiacjoe_overflow_alcove_4,
          grunt_decor_resistance
D:8:      layout_basic, overflow_temple_1_default, nicolae_uskayaw_dance_studio,
          enter_bailey_3, uniq_grum, uniq_prince_ribbit1, uniq_psyche
D:9:      layout_roguey, overflow_temple_1_default,
          lemuel_mausoleum_altar_yredelemnul, gammafunk_ghost_abyssal_escape,
          minivault_4, uniq_maurice
D:10:     layout_cave_pools, uniq_maggie
D:11:     layout_loops_cross, due_lair_maze_entry_diamond, david_orc_4,
          grunt_decor_arrowhead, lemuel_nasty_fountain
D:12:     layout_basic, hellmonk_ghost_happy_afterlife, uniq_frances
Lair:1:   layout_small_grid, minmay_lair_oklob_items,
          dreamdust_deal_with_the_devil, nicolae_quartered_pool_little,
          serial_bayou_lagoon_a, serial_bayou_ford_a, serial_bayou_shore_b,
          infiniplex_staircase_pool_2

Skill      XL: |  1  2  3  4  5  6  7  8  9 10 11 12 |
---------------+-------------------------------------+-----
Stealth        | 1 3 4 5 7 8 |  8.5
Necromancy     | 1 2 5 6 |  6.0
Translocations | 1 |  1.0
Ice Magic      | 2 4 5 |  5.0
Unarmed Combat | 1 |  1.0
Short Blades   | 2 3 5 7 9 |  9.7
Invocations    | 3 8 9 11 12 | 12.4
Dodging        | 3 4 |  4.0
Fighting       | 3 5 |  5.0
Earth Magic    | 5 7 |  7.0
Long Blades    | |  2.8
Spellcasting   | |  2.0
Conjurations   | |  3.6

Action                     |  1- 3 |  4- 6 |  7- 9 | 10-12 || total
---------------------------+-------+-------+-------+-------++-------
  Melee: Falchion          |    87 |    74 |       |       ||   161
         Tailslap          |     6 |    13 |    23 |    37 ||    79
         Unarmed           |       |     6 |       |       ||     6
         Punch             |       |     1 |     2 |     2 ||     5
         Dagger            |       |    13 |   189 |    69 ||   271
         Kick              |       |       |    36 |    56 ||    92
         Short sword       |       |       |       |   146 ||   146
   Fire: Sling             |    84 |    74 |       |       ||   158
  Throw: Boomerang         |       |     3 |     8 |       ||    11
         Dart              |       |       |     4 |     5 ||     9
   Cast: Momentum Strike   |       |    12 |    14 |     4 ||    30
         Freeze            |       |    18 |     6 |       ||    24
         Kiss of Death     |       |     1 |       |       ||     1
         Frozen Ramparts   |       |       |    37 |    20 ||    57
         Vampiric Draining |       |       |    34 |    83 ||   117
 Invoke: Draw Destruction  |       |       |     6 |     6 ||    12
         Draw Summoning    |       |       |     2 |       ||     2
  Evoke: Wand              |       |     1 |     7 |     7 ||    15
    Use: Potion            |       |     5 |     3 |       ||     8
         Scroll            |       |       |     6 |     9 ||    15
   Stab: Sleeping          |     2 |     1 |     6 |    19 ||    28
         Paralysed         |       |     5 |    32 |    44 ||    81
 Armour: Leather armour    |    31 |    49 |    27 |       ||   107
         Skin              |       |     1 |       |       ||     1
         Robe              |       |       |     2 |    11 ||    13
         Acid dragon scale |       |       |       |    29 ||    29
  Dodge: Dodged            |    75 |    89 |   107 |    89 ||   360

Table legend: (Time is in decaauts)
 A = Elapsed time spent in this place.
 B = Non-inter-level travel time spent in this place.
 C = Inter-level travel time spent in this place.
 D = Time resting spent in this place.
 E = Time spent auto-exploring this place.
 F = Levels seen in this place.
 G = Mean time per level.
                   A        B        C        D        E       F      G
               +--------+--------+--------+--------+--------+-----+--------+
         Total |  15774 |  15048 |    726 |   3919 |   7616 |  15 | 1051.6 |
       Dungeon |  14582 |  13857 |    725 |   3540 |   7201 |  12 | 1215.2 |
          Lair |    143 |    143 |      0 |      0 |    105 |   1 |  143.0 |
         Sewer |    354 |    354 |      0 |     16 |    238 |   1 |  354.0 |
        Bailey |    693 |    693 |      0 |    363 |     70 |   1 |  693.0 |
               +--------+--------+--------+--------+--------+-----+--------+

Top non-repeatable levels by time:
    D:12: 2039 daAuts
     D:5: 1581 daAuts
    D:11: 1421 daAuts
     D:4: 1341 daAuts
     D:3: 1299 daAuts
     D:1: 1221 daAuts
     D:6: 1181 daAuts
    D:10: 987 daAuts
     D:9: 943 daAuts
     D:7: 895 daAuts
     D:8: 877 daAuts
     D:2: 792 daAuts
  Bailey: 693 daAuts
   Sewer: 354 daAuts
  Lair:1: 143 daAuts
